 Dungeon Crawl Stone Soup version 0.31-a0-876-gfe8ebadbca (webtiles) character file.

Game seed: 11606953660482337956

244415 BinkBink the Impregnable (level 19, -5/158 HPs)
             Began as a Hill Orc Fighter on Oct 13, 2023.
             Was the Champion of Qazlal.
             Slain by a rockslime (34 damage)
             ... created by the Royal Jelly
             ... on level 5 of the Pits of Slime.
             The game lasted 01:30:57 (41002 turns).

BinkBink the Impregnable (Hill Orc Fighter)        Turns: 41002, Time: 01:30:59

Health: -5/158     AC: 26    Str: 36    XL:     19   Next: 90%
Magic:  10/28      EV: 14    Int: 18    God:    Qazlal [******]
Gold:   2145       SH: 35    Dex: 10    Spells: 18/18 levels left

rFire   + + +        o - +16 obsidian axe {drain, demonic, Mesm Drain Fly SInv}
rCold   + + +        s - +8 tower shield {rC+}
rNeg    . . .        x - +8 chain mail "Nosogofi" {Int+4}
rPois   +            y - +2 helmet {SInv}
rElec   +            Z - +2 cloak {Will+}
rCorr   +            n - +2 pair of gloves
SInv    +            f - +2 pair of boots
Will    ++...        a - amulet "Bic Juwe" {Acrobat Str+3 Int+3}
Stlth   +            T - ring "Zemuage" {rC+ MP+9 Str+6}
HPRegen 0.46/turn    b - ring of Surprise {rPois rF++ Int+3}
MPRegen 0.21/turn

%: repel missiles, acrobat
@: mighty, resistant, protected from physical damage, corroded, on berserk
cooldown, flying, mesmerised, hasted and slowed, studying Stealth, invisible
(expiring)
A: no striking features
}: 1/15 runes: decaying
a: Renounce Religion, Upheaval, Elemental Force, Disaster Area


You were on level 5 of the Pits of Slime.
You worshipped Qazlal.
Qazlal was exalted by your worship.
You visited 7 branches of the dungeon, and saw 35 of its levels.
You also visited: Sewer.

You collected 3445 gold pieces.
You spent 1300 gold pieces at shops.

Inventory:

Hand Weapons
 o - the +16 obsidian axe (weapon) {drain, demonic, Mesm Drain Fly SInv}
   (You found it on level 2 of the Lair of Beasts)

   Mesm:      Its wielder is mesmerised by any visible foes, and it cannot be
   unequipped while any foes are visible.
   SInv:      It lets you see invisible.
   Fly:       It grants you flight.
   Drain:     It drains your maximum health when unequipped.
 q - the +9 sling of Imbalance {drain, rF+ Str+3 Int-3}
   (You found it on level 2 of the Lair of Beasts)

   Str+3:     It affects your strength (+3).
   Int-3:     It affects your intelligence (-3).
   rF+:       It protects you from fire.
 R - a +5 trident of flaming
Armour
 f - a +2 pair of boots (worn)
 n - a +2 pair of gloves (worn)
 r - the -1 pair of boots of Tuarchir {*Corrode rPois Slay+3 Stlth+}
   (You found it on level 13 of the Dungeon)

   Slay+3:    It affects your accuracy & damage with ranged weapons and melee
   (+3).
   rPois:     It protects you from poison *Corrode: It may corrode you when you
   take damage.
   Stlth+:    It makes you more stealthy.
 s - a +8 tower shield of cold resistance (worn)
 x - the +8 chain mail "Nosogofi" (worn) {Int+4}
   (You found it on level 3 of the Dungeon)

   Int+4:     It affects your intelligence (+4).
 y - a +2 helmet of see invisible (worn)
 Z - a +2 cloak of willpower (worn)
Jewellery
 a - the amulet "Bic Juwe" (around neck) {Acrobat Str+3 Int+3}
   (You took it off a centaur warrior on level 13 of the Dungeon)

   [amulet of the acrobat]

   Acrobat:   It increases your evasion while moving and waiting.
   Str+3:     It affects your strength (+3).
   Int+3:     It affects your intelligence (+3).
 b - the ring of Surprise (right hand) {rPois rF++ Int+3}
   (You took it off a yaktaur on level 13 of the Dungeon)

   [ring of poison resistance]

   Int+3:     It affects your intelligence (+3).
   rF++:      It greatly protects you from fire.
   rPois:     It protects you from poison
 g - a ring of poison resistance
 k - a +6 ring of strength
 T - the ring "Zemuage" (left hand) {rC+ MP+9 Str+6}
   (You took it off a yaktaur on level 13 of the Dungeon)

   [ring of protection from cold]

   Str+6:     It affects your strength (+6).
   rC+:       It protects you from cold.
   MP+9:      It affects your magic capacity (+9).
 W - the ring of Borrimibb {Fly rN+}
   (You found it on level 13 of the Dungeon)

   [ring of flight]

   rN+:       It protects you from negative energy.
   Fly:       It grants you flight.
Wands
 e - a wand of polymorph (23)
 L - a wand of charming (36)
 N - a wand of light (27)
 O - a wand of flame (59)
 S - a wand of mindburst (17)
 V - a wand of roots (10)
Scrolls
 c - a scroll of summoning
 h - 6 scrolls of revelation
 i - 9 scrolls of teleportation
 l - 3 scrolls of identify
 m - 2 scrolls of immolation
 p - 5 scrolls of fear
 v - 5 scrolls of brand weapon
 z - 6 scrolls of blinking
 A - 2 scrolls of poison
 X - 3 scrolls of fog
 Y - 4 scrolls of amnesia
Potions
 d - 7 potions of might
 j - 6 potions of brilliance
 t - a potion of ambrosia
 u - 4 potions of lignification
 w - 11 potions of curing
 B - 4 potions of invisibility
 C - 5 potions of cancellation
 D - a potion of haste
 E - 4 potions of magic
 F - a potion of heal wounds
 J - 2 potions of mutation
 K - 4 potions of enlightenment
 M - a potion of resistance


   Skills:
 + Level 11.2 Fighting
 - Level 16.1(18.0) Axes
 - Level 11.3(14.1) Polearms
 + Level 21.0 Armour
 + Level 14.3 Dodging
 + Level 8.0 Stealth
 + Level 18.4 Shields


You had 18 spell levels left.
You didn't know any spells.
Your spell library contained the following spells:

 Spells                   Type           Power      Damage    Failure   Level
 Freeze                   Ice            0%         1d3       56%         1
 Sandblast                Erth           0%         2d4       56%         1
 Slow                     Hex            0%         N/A       56%         1
 Ensorcelled Hibernation  Hex/Ice        0%         N/A       71%         2
 Jinxbite                 Hex            0%         N/A       71%         2
 Passwall                 Tmut/Erth      0%         N/A       71%         2
 Scorch                   Fire           0%         2d5       71%         2
 Confusing Touch          Hex            0%         N/A       90%         3
 Dazzling Flash           Conj/Hex       0%         N/A       90%         3
 Frozen Ramparts          Ice            0%         1d1       90%         3
 Hailstorm                Conj/Ice       0%         3d3       90%         3
 Sigil of Binding         Hex            0%         N/A       90%         3
 Stone Arrow              Conj/Erth      0%         3d7       90%         3
 Summon Guardian Golem    Hex/Summ       0%         N/A       90%         3
 Vampiric Draining        Necr           0%         2d6       90%         3
 Volatile Blastmotes      Fire/Tloc      0%         2d10      90%         3
 Anguish                  Hex/Necr       0%         N/A       100%        4
 Brom's Barrelling Bould  Conj/Erth      0%         2d3       100%        4
 Cause Fear               Hex            0%         N/A       100%        4
 Flame Wave               Conj/Fire      0%         2d4       100%        4
 Leda's Liquefaction      Hex/Erth       0%         N/A       100%        4
 Vhi's Electric Charge    Tloc/Air       0%         N/A       100%        4
 Agony                    Necr           0%         N/A       100%        5
 Alistair's Intoxication  Tmut/Pois      0%         N/A       100%        5
 Arcjolt                  Conj/Air       0%         1d10      100%        5
 Borgnjor's Vile Clutch   Necr/Erth      0%         N/A       100%        5
 Silence                  Hex/Air        0%         N/A       100%        5
 Eringya's Noxious Bog    Tmut/Pois      0%         4d6       100%        6
 Plasma Beam              Fire/Air       0%         2x1d10    100%        6
 Starburst                Conj/Fire      0%         6d3       100%        6
 Summon Cactus Giant      Summ           0%         N/A       100%        6
 Enfeeble                 Hex            0%         N/A       100%        7
 Orb of Destruction       Conj           0%         9d5       100%        7
 Spellforged Servitor     Conj/Summ      0%         N/A       100%        7
 Maxwell's Capacitive Co  Air            0%         ∞         100%        8


Dungeon Overview and Level Annotations

Branches:
Dungeon (15/15)            Temple (1/1) D:7            Lair (5/5) D:9
  Swamp (4/4) Lair:3        Snake (3/4) Lair:3        Slime (5/5) Lair:5
    Orc (2/2) D:11            Elf (0/3) Orc:2        Vaults (0/5) D:13
 Depths (0/4) D:15          Sewer (visited)

Altars:
Ashenzari
Cheibriados
Dithmenos
Elyvilon
Fedhas
Gozag
Hepliaklqana
Kikubaaqudgha
Makhleb
Nemelex Xobeh
Okawaru
Qazlal
Ru
Sif Muna
Trog
Uskayaw
Vehumet
Wu Jian
Xom
Yredelemnul
Zin
The Shining One
Lugonu

Shops:
D:4 *   D:11 :   Orc:2 !:?[   Snake:3 (?*(*

Portals:
Abyss: Lair:5
Trove: D:14 (give 8 potions of haste)

Annotations:
D:6 1 runed translucent door, Heedrag's ghost, novice DsSh
Lair:3 1 runed translucent door, Bnni's ghost, journeyman FoHs
Slime:5 Royal Jelly


Message History

The azure jelly is engulfed in blazing flames.
You block the azure jelly's attack. x3; The azure jelly hits you!
* * * LOW HITPOINT WARNING * * *
You feel protected from physical attacks.
You block the rockslime's attack.
You are too berserk!
You slice the azure jelly!! You drain the azure jelly!
You kill the azure jelly!
That felt strangely unrewarding.
You hit the rockslime but do no damage.
Visions of slaying the rockslime flood into your mind.
You flicker for a moment.
You are no longer berserk.
You are exhausted.
You feel yourself slow down.
The Royal Jelly is engulfed in blazing flames.
The Royal Jelly shudders.
The Royal Jelly spits out another jelly.
Your ynoxinul gestures.
The rockslime hits your ynoxinul!!
Your ynoxinul is shoved backwards!
Your ynoxinul gestures.
Your rust devil barely misses the great orb of eyes.
You hit the Royal Jelly.
Your hands burn!
* * * LOW HITPOINT WARNING * * *
The Royal Jelly is heavily wounded.
You completely miss the rockslime. Your ufetubus hits the Royal Jelly.
The acid corrodes your ufetubus!
Your ufetubus is burned by acid!
Your ufetubus hits the Royal Jelly but does no damage.
Your ufetubus is burned by acid!
Your ufetubus hits the Royal Jelly but does no damage.
Your ufetubus is burned by acid!
Your ufetubus hits the Royal Jelly but does no damage.
Your ufetubus is burned by acid!
Your ufetubus dies!
Your ufetubus disappears in a puff of smoke!
You block the Royal Jelly's attack. The Royal Jelly misses you.
A rockslime comes into view.
The great orb of eyes bites your rust devil!
The slime creature is engulfed in blazing flames.
The rockslime hits you!!
You die...

. J. ## ###. # #.#
###.#.##. ..####
###.....#.###......
.......°.○°J....#..
##.....4§JJ........
#......55@JJ.......
##....⌠.33°G.J.5...
.......5..4.#.3....
..........5.#......
.............#...##..
..###........##..# #
....###.#.....####
#..#.####.....#
##...........##


You could see the Royal Jelly, a great orb of eyes (corroded, ally target), a
slime creature (unable to see you, drained, ally target), 4 rockslimes, a
quicksilver ooze, a friendly sun demon (summoned), a friendly rust devil
(summoned), 2 friendly ynoxinuls, a friendly chaos spawn (summoned) and 5
friendly ufetubi.

Vanquished Creatures
  Vashnia (Snake:2)
  Saint Roka (Snake:2)
  Nikola (Swamp:3)
  Mlioglotl (Snake:2)
  2 tentacled monstrosities
  9 acid blobs
  Gastronok (Lair:2)
  Roxanne (Snake:3)
  A thorn hunter (Swamp:4)
  Kirke (Snake:2)
  2 nagarajas
  6 azure jellies
  13 rockslimes
  An orc warlord (Orc:1)
  8 quicksilver oozes
  A formless jellyfish (Slime:5)
  Azrael (Snake:3)
  4 eleionomae
  5 bunyips
  A shambling mangrove (Swamp:4)
  2 great orbs of eyes
  A fire dragon (D:15)
  5 anacondas
  A salamander tyrant (Snake:2)
  An ice dragon (D:15)
  23 hydras
  2 catoblepae
  A ghost crab (Swamp:4)
  An ogre mage (D:15)
  7 boulder beetles
  7 centaur warriors
  5 two-headed ogres
  7 alligators
  9 naga warriors
  2 demonic crawlers (D:15)
  A spriggan berserker (Swamp:4)
  3 death yaks (Lair:5)
  Urug (D:12)
  8 naga sharpshooters
  3 thrashing horrors (Lair:5)
  2 tengu warriors (D:13)
  3 orc high priests (Orc:2)
  A shock serpent (Snake:1)
  Amaemon (Lair:3)
  2 sea snakes (Snake:3)
  5 spriggan druids
  A salamander mystic (Snake:1)
  9 swamp dragons
  3 glowing orange brains
  4 goliath frogs
  14 skeletal warriors
  5 naga ritualists
  5 bog bodies
  A wizard (D:15)
  9 orc knights
  A deep elf pyromancer (D:13)
  6 manticores
  11 elephants
  9 mana vipers
  4 shining eyes
  10 ugly things
  7 orc sorcerers
  5 will-o-the-wisps
  6 cyclopes
  3 guardian serpents (Snake:3)
  4 salamanders (Snake:2)
  10 naga magi
  An eye of devastation (Slime:1)
  Maurice (D:8)
  24 black mambas
  An orange demon (Lair:3)
  4 large abominations (Lair:5)
  18 cane toads
  2 yaktaurs (D:13)
  2 gargoyles (D:12)
  2 unseen horrors
  7 rime drakes
  An efreet (D:15)
  12 komodo dragons
  11 trolls
  3 meliai (D:13)
  2 polar bears
  3 tyrant leeches
  A raiju (Lair:5)
  Prince Ribbit (D:8)
  A meliai (shapeshifter) (Lair:5)
  Grinder (D:6)
  18 blink frogs
  A wolf spider simulacrum (D:13)
  7 hornets
  60 slime creatures
  Sigmund (D:5)
  5 spriggans
  A water elemental (D:14)
  5 wraiths
  2 centaur simulacra (D:13)
  A ynoxinul (Lair:5)
  6 small abominations (Lair:5)
  11 wyverns
  43 yaks
  14 basilisks
  A human (shapeshifter) (Lair:5)
  6 hogs (Snake:3)
  5 golden eyes (Slime:3)
  2 chaos spawn (Lair:5)
  11 vampire mosquitoes
  3 fire elementals (Snake:3)
  A redback (D:13)
  2 steam dragons
  10 swamp worms
  4 wargs
  21 nagas
  An acid dragon (D:11)
  2 hell hounds
  20 water moccasins
  A floating eye (Slime:4)
  12 swamp drakes
  2 black bears
  43 orc warriors
  An ice beast (D:8)
  6 ogres
  4 wolves
  A phantom (D:6)
  10 centaurs
  22 bullfrogs
  A kobold brigand (Sewer)
  6 scorpions
  A gnoll sergeant (D:8)
  A hornet simulacrum (D:14)
  12 killer bees
  4 electric eels
  6 howler monkeys
  3 hounds (D:5)
  9 jellies
  2 gnoll boudas
  21 orc priests
  3 sleepcaps
  7 iguanas
  30 orc wizards
  8 hell rats
  16 gnolls
  8 adders
  17 river rats
  A white imp (D:6)
  An ufetubus (D:5)
  6 worms
  3 dart slugs
  91 orcs
  11 endoplasms
  4 giant cockroaches
  6 hobgoblins
  6 jackals (D:1)
  7 quokkas
  13 ball pythons
  5 bats
  5 frilled lizards
  8 goblins
  20 kobolds
  38 rats
  A spectral goblin (D:7)
1137 creatures vanquished.

Vanquished Creatures (collateral kills)
  3 acid blobs
  3 azure jellies
  A rockslime (Slime:5)
  Louise (Snake:3)
  2 quicksilver oozes (Slime:5)
  An eleionoma (Swamp:4)
  A great orb of eyes (Slime:5)
  6 hydras
  An alligator (Swamp:2)
  2 boulder beetles (D:15)
  3 naga warriors (Snake:3)
  A two-headed ogre (D:15)
  A naga sharpshooter (Snake:2)
  A spriggan (Swamp:2)
  A naga ritualist (Snake:2)
  2 sea snakes (Snake:3)
  4 swamp dragons
  A mana viper (Snake:3)
  A shining eye (Slime:1)
  3 salamanders
  A will-o-the-wisp (Swamp:1)
  2 black mambas
  A naga mage (Snake:1)
  A troll (D:15)
  A tyrant leech (Swamp:1)
  2 hornets
  2 blink frogs (Lair:5)
  17 slime creatures
  A yak (Lair:5)
  A wyvern (Lair:4)
  3 chaos spawn (Lair:5)
  A vampire mosquito (Swamp:1)
  3 nagas
  A swamp worm (Swamp:1)
  A hell hound (Snake:3)
  2 centaurs (D:15)
  A small abomination (Lair:5)
  An orc (Snake:2)
81 creatures vanquished.

Vanquished Creatures (others)
  A bloated husk (Swamp:4)
  A slime creature (Slime:4)
  A swamp drake (Swamp:3)
  An orc priest (Orc:2)
  An orc (Orc:2)
  25 foxfires
30 creatures vanquished.

Grand Total: 1248 creatures vanquished

Notes
Turn   | Place    | Note
-------+----------+-------------------------------------------
     0 | D:1      | BinkBink the Hill Orc Fighter began the quest for the Orb.
     0 | D:1      | Reached XP level 1. HP: 19/19 MP: 1/1
   165 | D:1      | Reached XP level 2. HP: 16/26 MP: 2/2
   489 | D:1      | Reached XP level 3. HP: 25/31 MP: 3/3
  1005 | D:2      | Reached skill level 5 in Axes
  1597 | D:2      | Reached XP level 4. HP: 39/39 MP: 4/4
  1837 | D:3      | Identified the +8 chain mail "Nosogofi" {Int+4}
  2037 | D:3      | Found a snail-covered altar of Cheibriados.
  2103 | D:3      | Reached XP level 5. HP: 33/45 MP: 5/5
  2468 | D:3      | Reached skill level 4 in Armour
  2468 | D:3      | Reached XP level 6. HP: 46/51 MP: 6/6
  2565 | D:3      | Found a faded altar of an unknown god.
  2663 | D:4      | Found a glowing drain.
  2699 | Sewer    | Entered a sewer
  3023 | Sewer    | Reached XP level 7. HP: 54/57 MP: 7/7
  3162 | D:4      | Reached skill level 5 in Armour
  3288 | D:4      | Found Fafason's Assorted Antiques.
  3394 | D:4      | Bought 3 scrolls labelled JOFUNEIFIR for 69 gold pieces
  3394 | D:4      | Bought 3 scrolls labelled PAOTWA HICZO for 69 gold pieces
  4046 | D:5      | Entered Level 5 of the Dungeon
  4046 | D:5      | Found a glowing golden altar of the Shining One.
  4214 | D:5      | Reached skill level 10 in Axes
  4281 | D:5      | Reached XP level 8. HP: 63/64 MP: 8/8
  4490 | D:5      | Reached skill level 6 in Armour
  4539 | D:5      | You fall into a shaft and drop 2 floors!
  4642 | D:5      | Noticed a wyvern
  4649 | D:6      | Killed a wyvern
  4853 | D:5      | Reached skill level 7 in Armour
  4909 | D:5      | Reached XP level 9. HP: 67/70 MP: 9/9
  5028 | D:5      | Noticed Sigmund
  5039 | D:5      | Killed Sigmund
  5549 | D:6      | Reached skill level 8 in Armour
  5895 | D:6      | Noticed Grinder
  5905 | D:6      | Killed Grinder
  6074 | D:6      | Found a runed translucent door.
  6085 | D:6      | Noticed Heedrag's ghost (novice DsSh)
  6961 | D:7      | Found a hazy altar of Hepliaklqana.
  7126 | D:7      | Noticed a hornet
  7222 | D:7      | Found a staircase to the Ecumenical Temple.
  7228 | Temple   | Entered the Ecumenical Temple
  7359 | D:7      | Reached skill level 9 in Armour
  7359 | D:7      | Reached XP level 10. HP: 69/77 MP: 10/10
  7423 | D:7      | Reached skill level 15 in Axes
  7441 | D:7      | Paralysed by a hornet for 3 turns
  8229 | D:8      | Noticed Maurice
  8241 | D:8      | Maurice stole 103 gold
  8247 | D:8      | Killed Maurice
  8515 | D:8      | Noticed Prince Ribbit
  8526 | D:8      | Killed Prince Ribbit
  8527 | D:8      | Reached skill level 10 in Armour
  8561 | D:8      | Found a hide-covered altar of Uskayaw.
  8787 | D:8      | Reached skill level 5 in Polearms
  9070 | D:9      | Found a stormy altar of Qazlal.
  9110 | D:9      | Reached XP level 11. HP: 70/82 MP: 11/11
  9128 | D:9      | Became a worshipper of Qazlal Stormbringer
  9358 | D:9      | Found a bloodstained altar of Trog.
  9597 | D:9      | Found a staircase to the Lair.
  9601 | D:9      | Reached skill level 11 in Armour
  9744 | D:10     | Entered Level 10 of the Dungeon
  9747 | D:10     | Got a dog-eared book
  9960 | D:10     | Noticed a two-headed ogre
  9970 | D:10     | Killed a two-headed ogre
 10117 | D:10     | Paralysed by a hornet for 1 turns
 11092 | D:4      | Bought an amethyst potion for 20 gold pieces
 11092 | D:4      | Bought a fuming red potion for 20 gold pieces
 11316 | Lair:1   | Entered Level 1 of the Lair of Beasts
 11522 | D:11     | Noticed a cyclops
 11528 | D:11     | Killed a cyclops
 11529 | D:11     | Reached skill level 1 in Dodging
 11556 | D:11     | Noticed a white ugly thing
 11562 | D:11     | Killed a white ugly thing
 11563 | D:11     | Found a transporter.
 11563 | D:11     | Found Paetahis's Book Emporium.
 11597 | D:11     | Noticed a boulder beetle
 11620 | D:11     | Killed a boulder beetle
 11620 | D:11     | Reached * piety under Qazlal
 11912 | D:11     | Noticed a boulder beetle
 11926 | D:11     | Killed a boulder beetle
 12285 | D:11     | Found a transporter.
 12502 | D:11     | Reached skill level 10 in Polearms
 12513 | D:11     | Reached XP level 12. HP: 85/90 MP: 12/12
 12566 | D:11     | Found a staircase to the Orcish Mines.
 12807 | D:12     | Reached ** piety under Qazlal
 12870 | D:12     | Reached skill level 12 in Armour
 12870 | D:12     | Reached skill level 5 in Shields
 13419 | D:12     | Noticed Urug
 13429 | D:12     | Killed Urug
 14134 | D:13     | Found a gate to the Vaults.
 14140 | D:13     | Noticed a two-headed ogre
 14312 | D:13     | Noticed a catoblepas
 14346 | D:13     | Killed a catoblepas
 14563 | D:13     | Reached skill level 13 in Armour
 14780 | D:13     | Reached skill level 5 in Dodging
 14780 | D:13     | Reached XP level 13. HP: 71/95 MP: 13/13
 15918 | D:13     | Reached *** piety under Qazlal
 16451 | D:13     | Identified the +1 sling "Ecoimnew" {flame, rPois Int+4}
 16565 | D:13     | Identified the amulet "Bic Juwe" {Acrobat Str+3 Int+3}
 16593 | D:13     | Reached skill level 14 in Armour
 16890 | D:13     | Found a runed translucent door.
 16911 | D:13     | Identified the ring of Surprise {rPois rF++ Int+3}
 17073 | D:13     | Identified the -1 pair of boots of Tuarchir {*Corrode rPois
                  | Slay+3 Stlth+}
 17074 | D:13     | Identified the ring "Zemuage" {rC+ MP+9 Str+6}
 17090 | D:13     | Identified the ring of Borrimibb {Fly rN+}
 17352 | Orc:1    | Entered Level 1 of the Orcish Mines
 17432 | Orc:2    | Entered Level 2 of the Orcish Mines
 17464 | Orc:2    | Found a staircase to the Elven Halls.
 17761 | Orc:2    | Reached skill level 10 in Shields
 17924 | Orc:2    | Reached XP level 14. HP: 78/102 MP: 14/14
 18233 | Orc:2    | Reached **** piety under Qazlal
 18437 | Orc:2    | Noticed an orc warlord
 18493 | Orc:2    | Paralysed by an orc sorcerer for 4 turns
 18711 | Orc:1    | Killed an orc warlord
 18910 | Orc:2    | Reached skill level 15 in Armour
 19586 | Orc:1    | Found a burning altar of Makhleb.
 19633 | Orc:1    | Reached ***** piety under Qazlal
 21002 | Orc:2    | Found Zowkudwy's Book Boutique.
 21002 | Orc:2    | Found Giky's Distillery.
 21004 | Orc:2    | Found Ditech's Armour Boutique.
 21004 | Orc:2    | Found Pixzacin's Magic Scroll Shoppe.
 21015 | Orc:2    | Bought 2 potions of heal wounds for 110 gold pieces
 21015 | Orc:2    | Bought a potion of degeneration for 11 gold pieces
 21628 | Lair:1   | You fall into a shaft and drop 1 floor!
 22720 | Lair:2   | Reached skill level 16 in Armour
 22888 | Lair:2   | Reached XP level 15. HP: 104/107 MP: 15/15
 22924 | Lair:2   | Found the +16 obsidian axe {drain, demonic, Mesm Drain Fly
                  | SInv}
 23175 | Lair:2   | Noticed Gastronok
 23246 | Lair:2   | Killed Gastronok
 23879 | Lair:2   | Identified the +9 sling of Imbalance {drain, rF+ Str+3
                  | Int-3}
 24462 | Orc:2    | Bought a scroll of identify for 30 gold pieces
 24462 | Orc:2    | Bought a scroll of identify for 30 gold pieces
 24462 | Orc:2    | Bought a scroll of identify for 30 gold pieces
 24699 | Lair:3   | Found a runed translucent door.
 24700 | Lair:3   | Found a shimmering altar of Xom.
 24700 | Lair:3   | Noticed Bnni's ghost (journeyman FoHs)
 24767 | Lair:3   | Found a staircase to the Snake Pit.
 24830 | Lair:3   | Noticed Amaemon
 24842 | Lair:3   | Killed Amaemon
 24874 | Lair:3   | Found a staircase to the Swamp.
 25898 | Lair:4   | Reached ****** piety under Qazlal
 25914 | Lair:4   | Reached skill level 10 in Dodging
 27043 | Lair:5   | Entered Level 5 of the Lair of Beasts
 27046 | Lair:5   | Reached skill level 17 in Armour
 27301 | Lair:5   | Found a corrupted altar of Lugonu.
 27301 | Lair:5   | Found a one-way gate to the infinite horrors of the Abyss.
 27506 | Lair:5   | Reached XP level 16. HP: 103/115 MP: 16/16
 27894 | Lair:5   | Found a staircase to the Slime Pits.
 28327 | Snake:1  | Entered Level 1 of the Snake Pit
 28506 | Snake:1  | Reached skill level 18 in Armour
 29009 | Swamp:1  | Entered Level 1 of the Swamp
 29213 | Swamp:1  | Reached skill level 15 in Shields
 30187 | Swamp:3  | Noticed Nikola
 30198 | Swamp:3  | Reached XP level 17. HP: 94/121 MP: 17/17
 30216 | Swamp:3  | Killed Nikola
 30774 | Swamp:3  | Noticed a tentacled monstrosity
 30782 | Swamp:3  | Killed a tentacled monstrosity
 31084 | Swamp:4  | Entered Level 4 of the Swamp
 31211 | Swamp:4  | Noticed a tentacled monstrosity
 31220 | Swamp:4  | Reached skill level 19 in Armour
 31223 | Swamp:4  | Killed a tentacled monstrosity
 31290 | Swamp:4  | Reached skill level 5 in Fighting
 31722 | Swamp:4  | Got a decaying rune of Zot
 32819 | Snake:2  | Noticed Mlioglotl
 32838 | Snake:2  | Killed Mlioglotl
 33028 | Snake:2  | Found a sparkling altar of Nemelex Xobeh.
 33150 | Snake:2  | Reached XP level 18. HP: 125/137 MP: 18/18
 33254 | Snake:2  | Noticed Vashnia
 33278 | Snake:2  | Noticed Saint Roka
 33301 | Snake:2  | Killed Saint Roka
 33314 | Snake:2  | Killed Vashnia
 34392 | Snake:3  | Found Tyriast's Antique Weapon Shoppe.
 34463 | Snake:3  | Noticed Louise
 34490 | Snake:3  | Killed Louise
 34544 | Snake:3  | Noticed Azrael
 34553 | Snake:3  | Killed Azrael
 34586 | Snake:3  | Reached skill level 20 in Armour
 34939 | Snake:3  | Noticed Roxanne
 34956 | Snake:3  | Killed Roxanne
 34968 | Snake:3  | Found Mapsugan's Magic Scroll Shop.
 34978 | Snake:3  | Bought a scroll of enchant armour for 82 gold pieces
 34978 | Snake:3  | Bought a scroll of enchant armour for 82 gold pieces
 35006 | Snake:3  | Found Doogg's Assorted Antiques.
 35014 | Snake:3  | Bought a fuming inky potion for 32 gold pieces
 35014 | Snake:3  | Bought a potion of curing for 108 gold pieces
 35014 | Snake:3  | Bought a scroll of blinking for 270 gold pieces
 35168 | Snake:3  | Noticed Kirke
 35243 | Snake:2  | Killed Kirke
 35318 | Snake:3  | Found Fem Kag's Weapon Boutique.
 35671 | Snake:3  | Found Keozapim's Assorted Antiques.
 35674 | Snake:3  | Bought a glowing helmet for 180 gold pieces
 36244 | Orc:2    | Bought a scroll of teleportation for 45 gold pieces
 36244 | Orc:2    | Bought a scroll of enchant armour for 112 gold pieces
 36861 | D:14     | Reached skill level 1 in Stealth
 37297 | D:14     | Found a portal to a secret trove of treasure.
 37379 | D:15     | Entered Level 15 of the Dungeon
 37632 | D:15     | Found a staircase to the Depths.
 38155 | Slime:1  | Entered Level 1 of the Pits of Slime
 38190 | Slime:1  | Reached XP level 19. HP: 151/151 MP: 19/19
 38396 | Slime:2  | Reached skill level 5 in Stealth
 38788 | Slime:1  | Reached skill level 10 in Fighting
 40504 | Slime:5  | Entered Level 5 of the Pits of Slime
 40969 | Slime:5  | Reached skill level 21 in Armour
 40972 | Slime:5  | Noticed the Royal Jelly
 41002 | Slime:5  | Slain by a rockslime

Illustrated notes

Levels and vault maps discovered:
D:1:      dpeg_arrival_long_road, layout_basic, kennysheep_crisscross
D:2:      layout_basic, minmay_joined_circles
D:3:      layout_loops_ring, mainiacjoe_overflow_alcove_1,
          hellmonk_ecumenical_altar_run_dry, minmay_large_rounded_square,
          guppyfry_early_lair_pool
D:4:      layout_loops_ring, serial_shops, nicolae_inconvenience_store,
          cheibrodos_sewer_entry_drain
D:5:      layout_loops_ring, lemuel_crystal_altar, nzn_random_ring, uniq_sigmund
D:6:      layout_loops_ring, hellmonk_ghost_happy_afterlife, uniq_grinder
D:7:      layout_loops_ring, nicolae_hepliaklqana_monster_ancestors,
          minmay_temple_entry_offerings, amcnicky_mini_pool_small,
          dk_noncrumbling_4, chequers_serial_rivers_micro_c,
          serial_bayou_lagoon_a
D:8:      layout_basic, amcnicky_altar_gilded, st_stairs_6, uniq_maurice,
          uniq_prince_ribbit1
D:9:      layout_irregular_city, kennysheep_little_box,
          mainiacjoe_overflow_chevrons, grunt_lair_entry_orc_guard_hut
D:10:     layout_loops_cross
D:11:     layout_basic, david_orc_4, serial_shops, nicolae_shop_drivethru
D:12:     layout_irregular_city, uniq_urug
D:13:     minmay_the_grid_triangle_9x9_rhombus_full_mashed
          [minmay_the_grid_triangle_9x9_empty,
          minmay_the_grid_triangle_9x9_subtriangle,
          minmay_the_grid_triangle_9x9_longest,
          minmay_the_grid_triangle_9x9_checkered,
          minmay_the_grid_triangle_9x9_zippers_horizontal,
          minmay_the_grid_triangle_9x9_negative_grid,
          minmay_the_grid_triangle_9x9_skeleton,
          minmay_the_grid_triangle_9x9_prize_special], layout_layer_cave,
          minmay_misc_feat_x, due_unseen_surprise
D:14:     layout_basic, enter_trove_0, minivault_4
D:15:     grunt_enter_depths_hoard, layout_rooms, einodemon_crawler_minivault
Temple:   nicolae_temple_slightly_damp_pantheon
Lair:1:   lemuel_ratsnest, layout_misc_corridors
Lair:2:   nzn_winding_woodlands_stair_trap
          [nzn_winding_woodlands_5x15_longhouse,
          nzn_winding_woodlands_5x15_pool,
          nzn_winding_woodlands_5x15_split_checker,
          nzn_winding_woodlands_15x15_five_gardens,
          nzn_winding_woodlands_5x15_lazy_stream,
          nzn_winding_woodlands_5x15_zeroes, nzn_winding_woodlands_5x15_cabin],
          layout_regular_city, enter_volcano_4, nicolae_quartered_pool_little,
          chequers_serial_rivers_micro_b, chequers_serial_rivers_micro_d,
          beast_lair_carwin_4, uniq_gastronok
Lair:3:   layout_loops_ring, alex1729_swamp_entry_worm_eleionoma,
          minmay_snake_entry_six_corridors, ebering_ghost_xom, uniq_amaemon
Lair:4:   layout_loops_ring, special_room [special_room_mythical_zoo],
          chequers_serial_rivers_micro_d
Lair:5:   hellmonk_lair_end_abyssal_woods, layout_regular_city,
          nicolae_slime_entry_field_trip
Swamp:1:  layout_basic_swamp, nicolae_swamp_big_swirl, swamp_pool2,
          nicolae_swamp_oxbows
Swamp:2:  layout_basic_swamp, evilmike_swamp_ruin_house_2
Swamp:3:  layout_falls_marsh, evilmike_swamp_ruin_wall, swamp_pool2, uniq_nikola
Swamp:4:  swamp, layout_basic_swamp
Snake:1:  layout_misc_corridors
Snake:2:  cheibrodos_snake_ritualist_ritual, layout_concentric_octagons,
          basic_altar, nicolae_integral_box, uniq_vashnia, uniq_mlioglotl,
          uniq_saint_roka
Snake:3:  layout_chambers, serial_shops, shop, nicolae_shop_back_alley_shop,
          nicolae_shop_peninsula, nicolae_shop_hallway_stairs,
          nicolae_shop_behind_doors, st_stairs_5, serial_bayou_shore_a,
          lemuel_fruit_tree, uniq_louise, uniq_kirke, uniq_azrael, uniq_roxanne
Slime:1:  layout_caves
Slime:2:  layout_caves, nicolae_slime_rock_hall_of_fame
Slime:3:  layout_caves, nicolae_slime_barrier
Slime:4:  layout_caves
Slime:5:  slime_pit_nicolae_royal_road_to_ruin
Orc:1:    layout_caves, basic_altar
Orc:2:    grunt_orc_tribal_feast, layout_diamond_mine

Skill      XL: |  1  2  3  4  5  6  7  8  9 10 11 12 13 14 15 16 17 18 19 |
---------------+----------------------------------------------------------+-----
Axes           | 3 4 5 6 7 8 10 12 14 15 16 | 16.1
Armour         | 4 5 7 9 10 11 13 14 16 17 18 19 20 21 | 21.0
Polearms       | 6 10 11 | 11.3
Dodging        | 2 5 7 9 10 11 12 13 14 | 14.3
Shields        | 4 7 10 12 13 15 16 17 18 | 18.4
Fighting       | 6 9 11 | 11.2
Stealth        | 4 8 |  8.0

Action                     |  1- 3 |  4- 6 |  7- 9 | 10-12 | 13-15 | 16-18 | 19-21 || total
---------------------------+-------+-------+-------+-------+-------+-------+-------++-------
  Melee: War axe           |    93 |   210 |   338 |   103 |       |       |       ||   744
         Trident           |       |       |       |   677 |  1258 |       |       ||  1935
         Broad axe         |       |       |       |       |   238 |   835 |   228 ||  1301
         Unarmed           |       |       |       |       |       |     2 |       ||     2
  Evoke: Wand              |       |       |       |       |       |     1 |       ||     1
    Use: Scroll            |       |       |     9 |    13 |     8 |    14 |       ||    44
         Potion            |       |       |     2 |     3 |     5 |    16 |     6 ||    32
   Stab: Distracted        |       |       |       |       |     2 |     4 |     5 ||    11
         Confused          |       |       |       |       |       |     2 |       ||     2
         Invisible         |       |       |       |       |       |     7 |     1 ||     8
 Armour: Scale mail        |    56 |    38 |       |       |       |       |       ||    94
         Chain mail        |       |   109 |   212 |   419 |   609 |   517 |    89 ||  1955
         Skin              |       |       |       |       |       |     2 |       ||     2
  Dodge: Dodged            |    34 |    67 |   114 |   229 |   419 |   404 |    39 ||  1306
         Repelled          |       |       |       |       |     6 |    24 |     3 ||    33
  Block: Buckler           |    25 |    56 |    48 |   111 |   147 |       |       ||   387
         Kite shield       |       |       |       |       |   560 |   606 |       ||  1166
         Tower shield      |       |       |       |       |       |   259 |   265 ||   524
         Other             |       |       |       |       |       |     1 |       ||     1

Table legend: (Time is in decaauts)
 A = Elapsed time spent in this place.
 B = Non-inter-level travel time spent in this place.
 C = Inter-level travel time spent in this place.
 D = Time resting spent in this place.
 E = Time spent auto-exploring this place.
 F = Levels seen in this place.
 G = Mean time per level.
                   A        B        C        D        E       F      G
               +--------+--------+--------+--------+--------+-----+--------+
         Total |  40169 |  35633 |   4536 |   5713 |  23047 |  36 | 1115.8 |
       Dungeon |  18658 |  16429 |   2229 |   2202 |  11147 |  15 | 1243.9 |
        Temple |     57 |      1 |     56 |      0 |      0 |   1 |   57.0 |
          Lair |   6586 |   5698 |    888 |    440 |   4205 |   5 | 1317.2 |
         Swamp |   3242 |   2849 |    393 |    377 |   1916 |   4 |  810.5 |
     Snake Pit |   4337 |   4099 |    238 |   1318 |   2065 |   3 | 1445.7 |
    Slime Pits |   2782 |   2682 |    100 |    952 |   1192 |   5 |  556.4 |
  Orcish Mines |   4038 |   3408 |    630 |    423 |   2220 |   2 | 2019.0 |
         Sewer |    466 |    466 |      0 |      0 |    302 |   1 |  466.0 |
               +--------+--------+--------+--------+--------+-----+--------+

Top non-repeatable levels by time:
    D:13: 2864 daAuts
   Orc:2: 2527 daAuts
 Snake:2: 2239 daAuts
  Lair:2: 2119 daAuts
    D:11: 1920 daAuts
    D:12: 1593 daAuts
     D:6: 1511 daAuts
   Orc:1: 1510 daAuts
 Snake:3: 1436 daAuts
  Lair:5: 1272 daAuts
    D:10: 1239 daAuts
     D:4: 1202 daAuts
     D:8: 1195 daAuts
     D:7: 1167 daAuts
     D:9: 1117 daAuts
